 Dungeon Crawl Stone Soup version 0.19-a0-450-g98b348d (webtiles) character file.

363 oplop the Shield-Bearer (level 6, -6/51 HPs)
             Began as a Deep Dwarf Fighter on May 31, 2016.
             Mangled by an ogre
             ... wielding a +0 giant club
              (13 damage)
             ... on level 5 of the Dungeon on June 1, 2016.
             The game lasted 00:05:30 (2478 turns).

oplop the Shield-Bearer (Deep Dwarf Fighter)        Turns: 2478, Time: 00:05:30

Health: -6/51      AC:  5    Str: 19    XL:     6   Next: 39%
Magic:  5/5        EV:  7    Int:  9    God:
Gold:   168        SH: 10    Dex: 14    Spells: 0 memorised, 5 levels left

rFire  . . .     SeeInvis +     a - +0 war axe
rCold  + . .     Gourm    .     b - +0 scale mail
rNeg   . . .     Faith    .     c - +0 shield
rPois  +         Spirit   .     (no helmet)
rElec  .         Dismiss  .     d - +0 cloak {+Inv}
rCorr  .         Reflect  .     (no gloves)
SustAt .         Harm     .     (no boots)
MR     .....                    (no amulet)
Stlth  ..........               t - ring of see invisible
                                y - ring of protection from cold

@: non-regenerating, not resistant to hostile enchantments, extremely unstealthy
A: damage resistance, recharge devices, deformed body, frail 1, sense
surroundings 1, poison resistance, slow regeneration 3
a: Device Recharging, Evoke Invisibility


You were on level 5 of the Dungeon.
You were not hungry.

You visited 1 branch of the dungeon, and saw 7 of its levels.

You collected 168 gold pieces.

Inventory:

Hand Weapons
 a - a +0 war axe (weapon)
Missiles
 h - a throwing net (quivered)
Armour
 b - a +0 scale mail (worn)
 c - a +0 shield (worn)
 d - a +0 cloak of invisibility (worn)
 g - a +0 pair of boots
 x - a +0 cloak
Jewellery
 t - a ring of see invisible (right hand)
 y - a ring of protection from cold (left hand)
 C - an uncursed ring of stealth {unknown}
Wands
 e - a wand of heal wounds (5/9)
 A - a wand of enslavement (15/24)
Scrolls
 i - 2 scrolls of magic mapping {unknown}
 o - a scroll of teleportation {unknown}
 p - 2 scrolls of enchant armour {unknown}
 q - 2 scrolls of remove curse {unknown}
 r - a scroll of fog {unknown}
 s - a scroll of random uselessness {unknown}
 w - a scroll of immolation {unknown}
 z - a scroll of vulnerability {unknown}
 B - a scroll of noise {unknown}
Potions
 j - 3 potions of curing
 l - a potion of lignification
 n - a potion of haste
 u - a potion of ambrosia
Comestibles
 f - 3 bread rations
 k - 3 slices of pizza
 m - a meat ration
 v - a beef jerky


   Skills:
 + Level 3.9 Fighting
 + Level 4.0 Axes
 + Level 4.7 Armour
 + Level 5.2 Shields


You had 5 spell levels left.
You didn't know any spells.

Dungeon Overview and Level Annotations

Branches:
Dungeon (7/15)
 Temple: D:4-7

Altars:
Ashenzari
Gozag
Hepliaklqana
Okawaru
Xom
Zin

Annotations:
D:3 Protee's ghost, amateur DrTm


Innate Abilities, Weirdness & Mutations

You are resistant to damage.
You can recharge devices by infusing magical energy.
You passively map a small area around you.
You do not regenerate naturally.
Armour fits poorly on your strangely shaped body.
You are frail. (-10% HP)
Your system is resistant to poisons. (rPois)


Message History

Press: ? - help, Shift-Dir - straight line, f - you You feel much better.
This wand has 0 charges left.
The ogre barely misses you.
You hit the ogre.
The ogre is severely wounded.
The ogre hits you with a giant club!!
You hit the ogre.
The ogre is almost dead.
The ogre hits you with a giant club!
* * * LOW HITPOINT WARNING * * *
You hit the ogre.
The ogre is almost dead.
You block the ogre's attack.
Evoke which item? (* to show all) (? for menu, Esc to quit)
Okay, then.
You fail to use your ability.
Unknown command.
Charge which item? (? for menu, Esc to quit)
Your wand of heal wounds (0/9) glows for a moment and now has 5 charges.
The ogre hits you with a giant club!
You die...

#. ..#..#....# #.# #..
#.. #.#..#....###.###..
#.=##.#..###..'.._..'..
* ............#######..
*,......#.#..# ### #.#
#..#.#.#..#######.# * ,
#..#..(...........# ,
#.O....#.#..####### * ,
##@.........# , *
###.#......# *
...####.### * * #####
#...# * #.(.# #...# *
#...# , * * #...# ,
#...# * *


You could see an ogre.

Vanquished Creatures
  Blork the orc (D:4)
  A giant frog (D:6)
  A scorpion (D:4)
  A giant frog zombie (D:7)
  A centaur skeleton (D:6)
  An iguana (D:6)
  An adder (D:3)
  An ooze (D:2)
  A worm (D:4)
  3 dart slugs (D:2)
  4 giant geckos
  7 orcs
  5 giant cockroaches
  5 hobgoblins
  2 quokkas
  5 bats
  8 giant newts
  7 goblins
  10 kobolds
  6 rats
71 creatures vanquished.

Notes
Turn   | Place    | Note
--------------------------------------------------------------
     0 | D:1      | oplop the Deep Dwarf Fighter began the quest for the Orb.
     0 | D:1      | Reached XP level 1. HP: 20/20 MP: 1/1
   138 | D:1      | Upgraded the game from 0.19-a0-414-g76fec5b to 0.19-a0-450-g98b348d
   168 | D:1      | Reached XP level 2. HP: 22/27 MP: 2/2
   743 | D:2      | Reached XP level 3. HP: 21/34 MP: 3/3
   813 | D:2      | Found an iron altar of Okawaru.
  1058 | D:2      | Found a hazy altar of Hepliaklqana.
  1059 | D:2      | Found a shimmering altar of Xom.
  1060 | D:2      | Noticed a spectral ugly thing
  1176 | D:3      | Noticed Protee's ghost (amateur DrTm)
  1229 | D:3      | Reached skill level 4 in Shields
  1347 | D:3      | Reached XP level 4. HP: 39/42 MP: 4/4
  1695 | D:3      | Found an opulent altar of Gozag.
  1695 | D:3      | Found a glowing silver altar of Zin.
  1804 | D:4      | Got a translucent dagger
  1805 | D:4      | Identified the +1 dagger "Yczuin" {antimagic, MR+} (You found it on level 4 of the Dungeon)
  2043 | D:4      | Noticed Blork the orc
  2098 | D:4      | Gained mutation: Armour fits poorly on your strangely shaped body. [potion of mutation]
  2098 | D:4      | Gained mutation: You are frail. (-10% HP) [potion of mutation]
  2098 | D:4      | Gained mutation: Your system is resistant to poisons. (rPois) [potion of mutation]
  2119 | D:4      | Killed Blork the orc
  2119 | D:4      | Reached XP level 5. HP: 26/44 MP: 5/5
  2274 | D:4      | You fall through a shaft for 3 floors!
  2354 | D:6      | Reached skill level 5 in Shields
  2354 | D:6      | Reached XP level 6. HP: 32/51 MP: 6/6
  2429 | D:6      | Wingboner: Покорение подземелья бородой впедёт!
  2433 | D:6      | Wingboner: *вперёд
  2433 | D:6      | oplop: вперде!
  2433 | D:6      | oplop: привет
  2433 | D:6      | oplop: захотелось потабать с махлебушком
  2433 | D:6      | Wingboner: И тебе поздорову.
  2435 | D:5      | Entered Level 5 of the Dungeon
  2441 | D:5      | Found a shattered altar of Ashenzari.
  2457 | D:5      | Wingboner: У меня такой сохранён, с обсидианом.
  2475 | D:5      | Wingboner: Может, доиграю.
  2477 | D:5      | Wingboner: Типа, упс.
  2478 | D:5      | Mangled by an ogre

Vault maps used:
D:1:      dpeg_arrival_arbitrary_c
D:2:      okawaru_gym_becter, regret_index_temple_of_mockery, solitary_fountain
D:3:      grunt_temple_overflow_gold_and_silver, first_bread
D:4:      uniq_blork_the_orc
D:5:      lemuel_doored_altar, minmay_temple_entry_fiery, basic_altar
D:6:      nicolae_tso_carved_into_rock
D:7:      grunt_pakellas_basics, kennysheep_potato, uniq_joseph

Skill      XL: |  1  2  3  4  5  6 |
---------------+-------------------+-----
Fighting       | 3 |  3.9
Shields        | 4 5 |  5.2
Axes           | 3 4 |  4.0
Armour         | 4 |  4.7

Action                   |  1- 3 |  4- 6 || total
-------------------------+-------+-------++-------
Melee: War axe           |   160 |    98 ||   258
 Abil: Device Recharging |       |     1 ||     1
Evoke: Wand              |     1 |     4 ||     5
  Use: Scroll            |       |     5 ||     5
       Potion            |       |     2 ||     2
  Eat: Chunk             |     2 |     4 ||     6
Armor: Scale mail        |    78 |    41 ||   119
Dodge: Dodged            |    44 |    26 ||    70
Block: Shield            |    84 |    37 ||   121
